Map: 10000 Feet LE

Players

Kan

  • Race: Zerg Zerg
  • League: Diamond
  • Spawn Location: 5:00

A.I. 1 (Medium) - Winner!

  • Race: Terran Terran
  • Spawn Location: 11:00

VOD

Have the link to the VOD?

Description

Time

  • Played on: May 23, 2026, 2:53 p.m.
  • Length: 7:12
Show
View Real Time Build Order
Export as new Build Order

Kan Zerg 

Build Orders: Hatch First 

Get SALT Encoding   

  12  0:02  Drone  
  13  0:07  Drone  
  14  0:15  Extractor  
  14  0:16  Drone  
  15  0:21  Overlord  
  15  0:40  Drone  
  16  0:46  Hatchery  
  15  0:53  Drone  
  16  1:00  Drone x2  
  18  1:11  Extractor  
  17  1:14  Spawning Pool  
  17  1:16  Drone  
  17  1:21  Drone  
  18  1:29  Drone  
  19  1:41  Drone  
  20  1:50  Drone  
  21  2:01  Queen x2  
  21  2:03  Zergling x4  
  27  2:09  Overlord  
  27  2:11  Drone  
  28  2:29  Metabolic Boost  
  28  2:30  Drone  
  28  2:31  Drone x2  
  31  2:37  Drone  
  32  2:50  Hatchery  
  30  2:55  Drone  
  30  2:56  Overlord  
  30  2:58  Queen  
  31  3:03  Drone x2  
  35  3:21  Drone x2  
  35  3:22  Drone  
  35  3:23  Queen  
  40  3:28  Drone x3  
  40  3:29  Overlord  
  43  3:47  Queen  
  45  3:53  Drone x2, Overlord  
  47  3:59  Drone  
  47  4:01  Drone x3  
  51  4:16  Drone x7  
  58  4:17  Overlord x2  
  58  4:24  Queen  
  58  4:27  Lair  
  60  4:32  Drone x2, Evolution Chamber  
  60  4:33  Drone x2  
  60  4:35  Baneling Nest, Spore Crawler  
  61  4:44  Drone x4  
  65  4:45  Spore Crawler  
  65  4:46  Overlord  
  64  4:54  Drone x4  
  64  4:59  Extractor  
  67  5:04  Overlord x2  
  67  5:06  Drone  
  67  5:07  Drone  
  69  5:11  Drone x2, Extractor  
  70  5:33  Zergling x16  
  78  5:39  Overlord x2  
  78  5:44  Hatchery  
  77  5:52  Queen  
  79  6:00  Queen  
  81  6:10  Overseer  
  81  6:12  Drone x4  
  81  6:16  Extractor  
  84  6:21  Zergling x26  
  84  6:22  Zergling x4  
  84  6:23  Infestation Pit  
  98  6:41  Overlord x4  
  98  6:55  Drone  
  98  6:56  Spore Crawler  
  98  6:57  Drone  
Show
View Real Time Build Order
Export as new Build Order

A.I. 1 (Medium) Terran - Winner!

Build Orders: 2 Factory 

Get SALT Encoding   

  12  0:00  SCV  
  13  0:13  SCV  
  14  0:18  Supply Depot  
  14  0:25  SCV  
  15  0:39  SCV  
  16  0:43  Barracks  
  16  0:51  SCV  
  17  1:04  SCV  
  18  1:16  Command Center  
  18  1:32  Orbital Command, Marine  
  19  1:37  Supply Depot  
  19  1:44  Refinery  
  19  1:50  Marine  
  20  1:58  SCV  
  20  2:01  Barracks  
  21  2:07  Refinery  
  21  2:10  SCV  
  22  2:17  Barracks Tech Lab  
  22  2:22  SCV  
  23  2:27  Supply Depot  
  23  2:36  Marine, SCV  
  25  2:49  Refinery  
  25  2:50  SCV  
  26  2:53  SCV  
  26  2:54  Marauder  
  26  2:56  Barracks Tech Lab  
  29  3:06  Factory  
  29  3:11  SCV  
  30  3:15  Marine  
  30  3:17  Factory  
  31  3:24  Marine  
  32  3:40  Refinery, Marauder  
  34  3:50  Factory Tech Lab  
  34  3:54  Starport, SCV  
  34  3:55  Marauder  
  37  3:57  SCV  
  37  4:01  Factory Tech Lab  
  38  4:06  SCV  
  38  4:09  SCV  
  40  4:10  Marine  
  41  4:18  SCV  
  41  4:21  SCV  
  43  4:25  Marine  
  43  4:28  Supply Depot  
  43  4:30  SCV  
  45  4:31  Medivac  
  45  4:33  SCV  
  48  4:40  Marine  
  48  4:42  SCV  
  51  4:45  SCV  
  51  4:55  SCV, Marine  
  51  4:59  SCV  
  54  5:00  Supply Depot  
  54  5:07  SCV  
  55  5:10  Marine  
  56  5:21  SCV  
  56  5:22  Medivac  
  56  5:24  Supply Depot, SCV  
  56  5:25  Marauder  
  62  5:33  SCV  
  63  5:40  Marauder  
  65  5:43  Engineering Bay  
  65  5:46  SCV  
  65  5:48  SCV, Supply Depot  
  67  5:53  Starport Tech Lab  
  67  5:55  Marauder  
  69  5:58  SCV  
  69  6:00  SCV  
  71  6:10  SCV, Missile Turret  
  72  6:12  Ghost Academy, Raven  
  72  6:14  Missile Turret  
  72  6:15  Missile Turret  
  72  6:16  Missile Turret  
  72  6:17  SCV  
  75  6:19  Supply Depot  
  75  6:22  SCV  
  76  6:29  SCV  
  76  6:30  Sensor Tower  
  77  6:33  Armory  
  77  6:34  SCV  
  78  6:41  Bunker, SCV  
  78  6:42  Ghost  
  83  6:49  Bunker  
  83  6:53  Barracks  
Tags
 
Add a new tag
Caveats
  • Supply blocks, unpowered buildings, or Contaminate may cause inaccurate times.
  • Supply counts are checked every 10 seconds.